 Dungeon Crawl Stone Soup version 0.30-a0-883-g5ad918d77d (webtiles) character file.

Game seed: 17285313149682848845

46 IdlyInterested the Slasher (level 3, -1/27 HPs)
             Began as a Demonspawn Gladiator on Mar 17, 2023.
             Splashed by a jelly's acid (5 damage)
             ... on level 3 of the Dungeon.
             The game lasted 00:04:36 (2103 turns).

IdlyInterested the Slasher (Demonspawn Gladiator)   Turns: 2103, Time: 00:04:37

Health: -1/27      AC:  0    Str: 14    XL:     3   Next: 46%
Magic:  3/3        EV: 11    Int:  9    God:
Gold:   35         SH:  4    Dex: 16    Spells: 2/2 levels left

rFire   . . .      SeeInvis .    a - +0 long sword
rCold   . . .      Faith    .    (no shield)
rNeg    . . .      Spirit   .    h - +0 ring mail
rPois   .          Reflect  .    c - +0 helmet
rElec   .          Rampage  .    (no cloak)
rCorr   .                        (no gloves)
Will    .....                    (no boots)
Stlth   +                        (no amulet)
HPRegen 0.24/turn                (no ring)
MPRegen 0.08/turn                (no ring)

@: corroded
A: yellow scales 1, condensation shield
a: no special abilities


You were on level 3 of the Dungeon.
You visited 1 branch of the dungeon, and saw 3 of its levels.

You collected 35 gold pieces.

Inventory:

Hand Weapons
 a - a +0 long sword (weapon)
 g - a +1 dagger of flaming
 l - a +1 dagger of venom
Missiles
 d - 4 throwing nets
 e - 3 javelins
 f - 17 stones (quivered)
 k - 2 boomerangs
 s - 4 poisoned darts
Armour
 b - a +0 leather armour
 c - a +0 helmet (worn)
 h - a +0 ring mail (worn)
Scrolls
 i - a scroll of amnesia
 p - a scroll of identify {unknown}
 r - a scroll of blinking {unknown}
Potions
 j - a potion of degeneration {unknown}
 m - a potion of flight {unknown}
 n - a potion of mutation {unknown}
 o - a potion of might {unknown}
 q - a potion of lignification {unknown}


   Skills:
 - Level 2.0 Fighting
 + Level 3.2 Long Blades
 - Level 2.0 Throwing
 - Level 1.0 Armour
 - Level 3.0 Dodging
 - Level 1.0 Stealth
 * Level 0.7 Evocations


You had 2 spell levels left.
You didn't know any spells.
Your spell library contained the following spells:

 Spells                   Type           Power      Damage    Failure   Level
 Cigotuvi's Dreadful Rot  Necr/Pois/Air  0%         N/A       77%         2
 Poisonous Vapours        Pois/Air       0%         N/A       77%         2
 Mephitic Cloud           Conj/Pois/Air  0%         N/A       94%         3


Dungeon Overview and Level Annotations

Branches:
Dungeon (3/15)

Altars:
Hepliaklqana


Innate Abilities, Weirdness & Mutations

You are partially covered in yellow scales. (AC +2)
A meltable shield of frost defends you. (SH +4)


Message History

You climb downwards.
Found 4 gold pieces.
There is a stone staircase leading up here.
You now have 35 gold pieces (gained 4).
There is a stone staircase leading up here.
You climb upwards.
There is a stone staircase leading down here.
There is an escape hatch in the floor here.
You slide downwards.
The hatch slams shut behind you.
A jelly comes into view.
The jelly quivers.
The bat hits you but does no damage. The bat hits you but does no damage.
The bat hits you.
You slash the bat!
You kill the bat!
Throw: 20 stones
Press: ? - help, Q - select action, (/) - cycle Shift-Dir - straight line, f - jelly
Aim: a jelly (90% to hit)
You throw a stone.
The stone hits the jelly but does no damage.
Throw: 19 stones
Press: ? - help, Q - select action, (/) - cycle Shift-Dir - straight line, f/p - jelly
Aim: a jelly (90% to hit)
You throw a stone. The stone hits the jelly.
The jelly is lightly wounded.
Throw: 18 stones
Press: ? - help, Q - select action, (/) - cycle Shift-Dir - straight line, f/p - jelly
Aim: a jelly (lightly wounded, 90% to hit)
You throw a stone. The stone hits the jelly.
The jelly is moderately wounded.
You completely miss the jelly.
The jelly is moderately wounded.
The jelly hits you but does no damage.
You slash the jelly! The acid corrodes you!
Your hands burn!
The jelly is heavily wounded.
The jelly hits you. The acid corrodes you!
You are splashed with acid!
The jelly hits you.
You are splashed with acid!
* * * LOW HITPOINT WARNING * * *
You hit the jelly but do no damage.
Your hands burn!
You die...

..# #. #.# #.
#.# ###.###<#
.....#.# #
###.#.#.#.###.#
#.............#
#.#.#.#.#.##..#
#.@J..# #
#.........
#....##..#
#.#.## ..#
#.#.. J# #.....
.. ...... ##
..##


You could see a jelly.

Vanquished Creatures
  A worm (D:2)
  6 ball pythons (D:1)
  6 bats
  5 endoplasms
  2 giant cockroaches (D:1)
  3 hobgoblins
  4 jackals (D:1)
  3 quokkas
  3 kobolds (D:1)
  6 rats (D:1)
39 creatures vanquished.

Notes
Turn   | Place    | Note
-------+----------+-------------------------------------------
     0 | D:1      | IdlyInterested the Demonspawn Gladiator began the quest for
                  | the Orb.
     0 | D:1      | Reached XP level 1. HP: 16/16 MP: 1/1
   101 | D:1      | Gained mutation: A meltable shield of frost defends you.
                  | (SH +4) [demonic ancestry]
   101 | D:1      | Reached XP level 2. HP: 15/22 MP: 2/2
   376 | D:1      | Reached skill level 1 in Armour
   518 | D:1      | Gained mutation: You are partially covered in yellow
                  | scales. (AC +2) [demonic ancestry]
   518 | D:1      | Reached XP level 3. HP: 27/27 MP: 3/3
   706 | D:1      | Reached skill level 1 in Stealth
   976 | D:2      | Found a faded altar of an unknown god.
  1187 | D:2      | Found a hazy altar of Hepliaklqana.
  1380 | D:2      | Identified the +0 ring mail of Gozag's Displeasure {Harm
                  | Drain rElec}
  2103 | D:3      | Splashed by a jelly's acid

Illustrated notes

Levels and vault maps discovered:
D:1:      eino_arrival_tree_alley, layout_loops_ring,
          minmay_misc_feat_secret_circle
D:2:      layout_basic, ebering_ecumenical_altar_petrified, basic_altar
D:3:      layout_loops_ring, gammafunk_temple_of_torment, roderic_roman_lattice,
          uniq_robin

Skill      XL: |  1  2  3 |
---------------+----------+-----
Throwing       | 2 |  2.0
Dodging        | 3 |  3.0
Long Blades    | 3 |  3.2
Armour         | 1 |  1.0
Stealth        | 1 |  1.0
Fighting       | |  2.0
Evocations     | |  0.7

Action                     || total
---------------------------++-------
  Melee: Long sword        ||   100
         Punch             ||     3
  Throw: Boomerang         ||     4
         Stone             ||     3
    Use: Scroll            ||     2
 Armour: Leather armour    ||    10
         Ring mail         ||    41
  Dodge: Dodged            ||    61
  Block: Other             ||    13

Table legend: (Time is in decaauts)
 A = Elapsed time spent in this place.
 B = Non-inter-level travel time spent in this place.
 C = Inter-level travel time spent in this place.
 D = Time resting spent in this place.
 E = Time spent auto-exploring this place.
 F = Levels seen in this place.
 G = Mean time per level.
                   A        B        C        D        E       F      G
               +--------+--------+--------+--------+--------+-----+--------+
         Total |   2130 |   1810 |    320 |    281 |   1106 |   3 |  710.0 |
       Dungeon |   2130 |   1810 |    320 |    281 |   1106 |   3 |  710.0 |
               +--------+--------+--------+--------+--------+-----+--------+

Top non-repeatable levels by time:
     D:2: 1131 daAuts
     D:1: 972 daAuts
     D:3: 25 daAuts
